 Dungeon Crawl Stone Soup version 0.20.1-1-g8b1a95d (webtiles) character file.

2263 codl the Chiller (level 9, -2/60 HPs)
             Began as a Demonspawn Ice Elementalist on July 19, 2017.
             Was a Believer of Nemelex Xobeh.
             Slain by a hellwing (13 damage)
             ... summoned by a kobold demonologist
             ... on level 7 of the Dungeon on July 20, 2017.
             The game lasted 02:36:13 (10127 turns).

codl the Chiller (Demonspawn Ice Elementalist)     Turns: 10127, Time: 02:36:16

Health: -2/60      AC:  9    Str: 10    XL:     9   Next: 15%
Magic:  15/18      EV: 11    Int: 18    God:    Nemelex Xobeh [**....]
Gold:   345        SH:  0    Dex: 14    Spells: 15/21 levels left

rFire    . . .     SeeInvis .   a - +2 quarterstaff (chaos)
rCold    . . .     Gourm    .   (shield currently unavailable)
rNeg     . . .     Faith    .   i - +0 ring mail
rPois    .         Spirit   .   (helmet restricted)
rElec    .         Reflect  .   h - +1 cloak
rCorr    .         Harm     .   (no gloves)
MR       .....     Rnd*Rage +   (no boots)
Stlth    ++++......             t - amulet of rage
Regen    0.2/turn               f - +2 ring of strength
MPRegen  0.2/turn               w - +5 ring of slaying

@: no status effects
A: antennae 2, claws 1, hooves 1, molten scales 1, berserk 2, dopey 1,
nightstalker 3
a: Renounce Religion, Evoke Berserk Rage


You were on level 7 of the Dungeon.
You worshipped Nemelex Xobeh.
Nemelex Xobeh was pleased with you.
You were not hungry.

You visited 2 branches of the dungeon, and saw 8 of its levels.
You also visited: Sewer.

You collected 345 gold pieces.

Inventory:

Hand Weapons
 a - a +2 quarterstaff of chaos (weapon)
 b - a -3 hunting sling {why do i always get cursed slings}
 c - a -2 shortbow {fUCKS SAKE wHy is everything i find cursed}
 q - a +0 mace
 P - a +2 war axe of freezing
Missiles
 e - 100 stones (quivered)
 H - 64 arrows
Armour
 g - a +0 robe
 h - a +1 cloak (worn)
 i - a +0 ring mail (worn)
Jewellery
 f - a +2 ring of strength (left claw)
 l - an uncursed ring of fire
 o - an uncursed amulet of faith
 t - an amulet of rage (around neck)
 w - a +5 ring of slaying (right claw)
 L - a +3 ring of protection {unknown}
Wands
 j - a wand of flame (19/48)
 v - a wand of flame (23/48)
Scrolls
 n - a scroll of fog {unknown}
 p - a scroll of amnesia
 s - a scroll of magic mapping {unknown}
 y - 2 scrolls of enchant armour
 A - 2 scrolls of immolation
 B - 5 scrolls of teleportation
 D - a scroll of blinking {unknown}
 F - 3 scrolls of identify
 J - 2 scrolls of fear
 K - 2 scrolls of recharging
 O - a scroll of remove curse
Potions
 k - 2 potions of curing {unknown}
 r - a potion of might
 u - a potion of magic {unknown}
 x - 2 potions of berserk rage
 G - a potion of heal wounds
 N - a potion of lignification {unknown}
Books
 d - a book of Frost

   Spells                             Type                      Level
   a - Freeze                         Ice                          1
   b - Throw Frost                    Conjuration/Ice              2
   c - Ozocubu's Armour               Charms/Ice                   3
   d - Throw Icicle                   Conjuration/Ice              4
   e - Summon Ice Beast               Ice/Summoning                4
 m - a book of Changes

   Spells                             Type                      Level
   a - Beastly Appendage              Transmutation                1
   b - Sticks to Snakes               Transmutation                2
   c - Spider Form                    Transmutation/Poison         3
   d - Ice Form                       Ice/Transmutation            4
   e - Blade Hands                    Transmutation                5
Miscellaneous
 C - a plain deck of summoning {drawn: 2}
 I - an ornate deck of destruction {drawn: 1}
 M - a plain deck of summoning
Comestibles
 z - a fruit
 E - a bread ration
 Q - a meat ration
 R - 4 chunks of flesh


   Skills:
 + Level 1.6 Fighting
 + Level 2.2 Staves
 + Level 2.1 Slings
 + Level 0.1(1.2) Throwing
 + Level 3.5 Armour
 + Level 2.4 Dodging
 + Level 2.7 Stealth
 + Level 6.6 Spellcasting
 + Level 3.2 Conjurations
 + Level 0.1 Transmutations
 + Level 6.6 Ice Magic
 + Level 0.3 Invocations
 + Level 0.2 Evocations


You had 15 spell levels left.
You knew the following spells:

 Your Spells              Type           Power        Failure   Level  Hunger
a - Freeze                Ice            ####         1%          1    None
b - Throw Frost           Conj/Ice       ###...       5%          2    None
c - Beastly Appendage     Tmut           #.....       26%         1    None
d - Sticks to Snakes      Tmut           #.......     36%         2    None


Dungeon Overview and Level Annotations

Branches:
Dungeon (7/15)             Temple (1/1) D:4

Altars:
Ashenzari
Cheibriados
Elyvilon
Fedhas
Gozag
Hepliaklqana
Kikubaaqudgha
Makhleb
Nemelex Xobeh
Okawaru
Qazlal
Ru
Sif Muna
Trog
Uskayaw
Vehumet
Xom
Yredelemnul
Zin
The Shining One

Shops:
D:7 *


Innate Abilities, Weirdness & Mutations

You have a pair of antennae on your head.
You are partially covered in molten scales. (AC +2)
You are completely attuned to the shadows.
You have sharp fingernails.
You have large cloven feet.
You often lose your temper in combat.
You are dopey. (Int -2)


Message History

Your ball python twists and deforms.
Your ball python bites the neqoxec but does no damage.
Your ball python constricts the neqoxec.
The neqoxec hits your ball python.
Your ball python dies!
The neqoxec misses you.
You hit the neqoxec. You freeze the neqoxec. You kick the neqoxec.
The neqoxec is moderately wounded.
You hit the hellwing.
The hellwing seems to speed up.
Your kick misses the hellwing.
The hellwing is lightly wounded.
The hellwing hits you.
The hellwing hits you but does no damage.
You hit the hellwing. Your kick misses the hellwing.
The hellwing is lightly wounded.
The hellwing hits you!
* * * LOW HITPOINT WARNING * * *
The hellwing barely misses you. The hellwing hits you!
You die...
Your body glows slightly and disappears.

.#.#...........
.........#.....
...............
........###....#
......#...5..##..
........5........
.....#........###.
#.###55...........
#..@4Kr.......##.#
#.###35...........
... #...###....####
....
....#.........######
....
..##.........#......
#.........#......
................
...............
$#.#..........


You could see a hellwing, a kobold demonologist, a neqoxec, an iron imp, a
shadow imp, an ufetubus and a quokka.

Vanquished Creatures
  Menkaure (D:4)
  An orc warrior (D:6)
  An ice beast (D:6)
  4 ogres
  2 bullfrogs
  2 scorpions
  A water moccasin skeleton (D:6)
  2 howler monkeys (D:7)
  3 crimson imps
  3 hounds
  4 orc wizards
  Crazy Yiuf (D:2)
  A bullfrog skeleton (D:6)
  A centaur skeleton (D:5)
  2 iguanas
  10 worker ants
  A hound zombie (D:5)
  A hound skeleton (D:5)
  13 adders
  7 gnolls (D:4)
  4 oozes
  An adder zombie (D:6)
  5 worms
  A dart slug (D:1)
  4 leopard geckos
  17 orcs
  4 ball pythons (Sewer)
  7 giant cockroaches
  2 goblins (D:2)
  8 hobgoblins
  A jackal (D:1)
  3 quokkas
  6 bats
  6 frilled lizards
  A jackal skeleton (D:4)
  10 kobolds
  13 rats
  A fungus (D:2)
155 creatures vanquished.

Vanquished Creatures (collateral kills)
  Grinder (D:4)
  A sky beast (D:5)
  A centaur (D:5)
  A jelly (D:5)
4 creatures vanquished.

Grand Total: 159 creatures vanquished

Notes
Turn   | Place    | Note
-------+----------+-------------------------------------------
     0 | D:1      | codl the Demonspawn Ice Elementalist began the quest for the Orb.
     0 | D:1      | Reached XP level 1. HP: 13/13 MP: 3/3
   361 | D:1      | Gained mutation: You have a pair of small antennae on your head. [demonic ancestry]
   361 | D:1      | Reached XP level 2. HP: 19/19 MP: 0/5
   369 | D:1      | Learned a level 2 spell: Throw Frost
   753 | D:1      | Gained mutation: You have a pair of antennae on your head. [demonic ancestry]
   753 | D:1      | Reached XP level 3. HP: 22/24 MP: 2/6
  1353 | D:2      | Reached skill level 1 in Slings
  1399 | D:2      | Gained mutation: You tend to lose your temper in combat. [potion of mutation]
  1399 | D:2      | Gained mutation: You have sharp fingernails. [potion of mutation]
  1399 | D:2      | Gained mutation: You often lose your temper in combat. [potion of mutation]
  1399 | D:2      | Gained mutation: You have large cloven feet. [potion of mutation]
  2354 | D:2      | Found a runed door.
  2358 | D:2      | Noticed Crazy Yiuf
  2370 | D:2      | Killed Crazy Yiuf
  2370 | D:2      | Gained mutation: You are slightly more attuned to the shadows. [demonic ancestry]
  2370 | D:2      | Reached XP level 4. HP: 26/30 MP: 0/8
  3039 | D:3      | HP: 1/31 [orc wizard/dagger (2)]
  3344 | D:3      | Reached skill level 1 in Fighting
  3401 | D:2      | Gained mutation: You are partially covered in molten scales. (AC +2) [demonic ancestry]
  3401 | D:2      | Reached XP level 5. HP: 20/37 MP: 0/9
  4417 | D:3      | Found an opulent altar of Gozag.
  4694 | D:4      | Noticed Grinder
  4695 | D:4      | Noticed an ogre
  4715 | D:4      | Reached skill level 1 in Armour
  4737 | D:3      | Killed an ogre
  4737 | D:3      | Gained mutation: You are significantly more attuned to the shadows. [demonic ancestry]
  4737 | D:3      | Reached XP level 6. HP: 9/43 MP: 3/11
  5175 | D:4      | Found a shimmering altar of Xom.
  5479 | D:4      | Found a staircase to the Ecumenical Temple.
  5494 | Temple   | Entered the Ecumenical Temple
  5625 | Temple   | Became a worshipper of Nemelex Xobeh the Trickster
  5702 | D:4      | Received a gift from Nemelex Xobeh
  5789 | D:4      | Killed Grinder
  5789 | D:4      | Gained mutation: You are completely attuned to the shadows. [demonic ancestry]
  5789 | D:4      | Reached XP level 7. HP: 18/48 MP: 2/13
  5790 | D:4      | how do i high five my illusion
  5790 | D:4      | my illusion killed grinder i didnt do shit except miss and throw ice that grinder had resistance to
  6085 | D:4      | Noticed Menkaure
  6091 | D:4      | Killed Menkaure
  6095 | D:4      | Reached skill level 5 in Ice Magic
  6211 | D:4      | Learned a level 3 spell: Ozocubu's Armour
  6214 | D:4      | Learned a level 2 spell: Sticks to Snakes
  6698 | D:4      | Reached skill level 5 in Spellcasting
  7046 | D:5      | Entered Level 5 of the Dungeon
  7124 | D:5      | Reached XP level 8. HP: 29/54 MP: 7/15
  7206 | D:5      | Found a glowing drain.
  7213 | Sewer    | Entered a sewer
  7843 | D:5      | Reached * piety under Nemelex Xobeh
  8224 | D:5      | Found a radiant altar of Vehumet.
  8361 | D:5      | wugh ive been using this bad sling for a while now but i never noticed i already uncursed it
  8385 | D:5      | Received a gift from Nemelex Xobeh
  8667 | D:6      | Found a glowing golden altar of the Shining One.
  8716 | D:6      | Learned a level 1 spell: Beastly Appendage
  8921 | D:6      | Found a glowing silver altar of Zin.
  8921 | D:6      | Found a hazy altar of Hepliaklqana.
  9324 | D:6      | Reached skill level 1 in Staves
  9754 | D:6      | Reached XP level 9. HP: 32/59 MP: 18/18
 10036 | D:7      | Received a gift from Nemelex Xobeh
 10046 | D:7      | Reached ** piety under Nemelex Xobeh
 10075 | D:7      | Found Woriomij's General Store.
 10102 | D:7      | Noticed a kobold demonologist
 10119 | D:7      | Gained mutation: You are dopey. (Int -2) [a neqoxec]
 10120 | D:7      | Noticed a hellwing
 10127 | D:7      | Slain by a hellwing

Skill      XL: |  1  2  3  4  5  6  7  8  9 |
---------------+----------------------------+-----
Ice Magic      | 3 4 5 6 |  6.6
Dodging        | 2 |  2.4
Slings         | 1 2 |  2.1
Spellcasting   | 3 4 5 6 |  6.6
Fighting       | 1 |  1.6
Armour         | 1 2 3 |  3.5
Stealth        | 2 |  2.7
Conjurations   | 2 3 |  3.2
Staves         | 1 2 |  2.2
Throwing       | |  0.1
Transmutations | |  0.1
Invocations    | |  0.3
Evocations     | |  0.2

Action                   |  1- 3 |  4- 6 |  7- 9 || total
-------------------------+-------+-------+-------++-------
Melee: Unarmed           |     6 |       |       ||     6
       Hunting sling     |       |    13 |    26 ||    39
       Kick              |       |     1 |    19 ||    20
       Quarterstaff      |       |       |    68 ||    68
 Fire: Hunting sling     |    63 |    48 |     3 ||   114
Throw: Stone             |     7 |       |       ||     7
 Cast: Freeze            |    53 |   100 |    59 ||   212
       Throw Frost       |    24 |    23 |    67 ||   114
       Sticks to Snakes  |       |       |     2 ||     2
Evoke: Wand              |       |     5 |     6 ||    11
       Deck              |       |     1 |     2 ||     3
  Use: Potion            |     4 |     1 |     2 ||     7
       Scroll            |     8 |     3 |     5 ||    16
 Stab: Paralysed         |       |       |     1 ||     1
       Sleeping          |       |       |     1 ||     1
  Eat: Chunk             |     1 |     4 |     5 ||    10
       Meat ration       |     1 |     1 |     1 ||     3
       Bread ration      |     1 |       |     1 ||     2
       Royal jelly       |       |     1 |       ||     1
Armor: Robe              |    17 |       |       ||    17
       Ring mail         |    13 |    77 |    59 ||   149
Dodge: Dodged            |    51 |    73 |    63 ||   187
